 Dungeon Crawl Stone Soup version 0.29-a0-234-g0dae59b3db (webtiles) character file.

Game seed: 4567312349893820346

70 spaghetti the Covert (level 4, -1/31 HPs)
             Began as an Octopode Delver on Mar 3, 2022.
             Slain by a centaur (6 damage)
             ... on level 6 of the Dungeon.
             The game lasted 00:01:13 (1123 turns).

spaghetti the Covert (Octopode Delver)              Turns: 1123, Time: 00:01:14

Health: -1/31      AC:  1    Str: 11    XL:     4   Next: 22%
Magic:  4/4        EV: 13    Int: 12    God:
Gold:   7          SH:  0    Dex: 15    Spells: 3/3 levels left

rFire   . . .      SeeInvis .   a - +0 falchion {long}
rCold   . . .      Faith    .   (no shield)
rNeg    . . .      Spirit   .   (helmet restricted)
rPois   .          Reflect  .   (no amulet)
rElec   .          Harm     .   (no ring)
rCorr   .          Rampage  .   (no ring)
Will    .....                   (no ring)
Stlth   +++++.....              (no ring)
HPRegen 0.10/turn               (no ring)
MPRegen 0.09/turn               (no ring)
                                (no ring)
                                (no ring)

@: no status effects
A: almost no armour, amphibious, 8 rings, camouflage 1, gelatinous body 1,
(nimble swimmer 1), tentacles
a: no special abilities


You were on level 6 of the Dungeon.
You visited 1 branch of the dungeon, and saw 2 of its levels.

You collected 7 gold pieces.


Innate Abilities, Weirdness & Mutations

You cannot wear most types of armour.
You are amphibious.
You can wear up to eight rings at the same time.
Your skin changes colour to match your surroundings (Stealth+).
Your rubbery body absorbs attacks. (AC +1, EV +1)
((You are camouflaged when in or above water. (Stealth+)))
You have tentacles for arms and can constrict up to eight enemies at once.


   Skills:
 - Level 3.0 Fighting
 - Level 2.0 Long Blades
 - Level 2.0 Dodging
 + Level 8.7 Stealth


You had 3 spell levels left.
You didn't know any spells.
Your spell library was empty.

Inventory:

Hand Weapons
 a - a +0 falchion (weapon) {long}
Missiles
 c - 11 stones (quivered) {throwing}
Wands
 f - a wand of digging (3)
Scrolls
 b - a scroll of fog
 d - a scroll of fear

Dungeon Overview and Level Annotations

Branches:
Dungeon (6/15)
 Temple: D:4-7

Altars:
Sif Muna

Annotations:
D:6 exclusion: door

#.# #.# #.# #.# #.# #.#
###.##### #.###.....@.#
#.......###c#
#..##.#####.###. ###
#..##.##........ ..##
#..##.##........
8..####..##.##........
._...##..##.##........
8..#.....##.##.......##
..#####..##.##.......#


You could see a centaur.


Message History

The orc wizard shouts!
There is an open door here.
The orc wizard points at you and mumbles some strange words.
The puff of flame hits you! 😮 HP[-8]
You take 8 damage, and now have 23/31 hp.
MASSIVE DAMAGE!! (PAUSE)
The orc wizard points at you and mumbles some strange words.
The puff of flame hits you!
* * * LOW HITPOINT WARNING * * *
The orc wizard points at you and mumbles some strange words.
You are confused. 😨 HP[-8]
You take 8 damage, and now have 15/31 hp.
MASSIVE DAMAGE!! (PAUSE)
The orc wizard gestures wildly while chanting.
The orc wizard flickers and vanishes!
Unknown command.
Unknown command.
Unknown command.
The orc wizard is engulfed in a cloud of scalding steam.
The orc wizard is engulfed in a cloud of scalding steam.
The orc wizard dies!
There is an open door here. 😮 HP[+1]
You are too confused!
Unknown command.
There is a strange disturbance nearby!
You feel less confused.
You start resting. 😎 HP[+15]
Your hp is fully restored (31).
The orc wizard shouts!
You close the door.
Press: ? - help, v - describe, . - travel A closed door.
Placed new exclusion.
Reduced exclusion size to a single square.
There is a shimmering blue altar of Sif Muna here.
Found a stone staircase leading down.
There is a stone staircase leading down here.
A centaur comes into view.
A centaur is nearby!
A centaur is nearby!
The helpless centaur fails to defend itself.
You hit the centaur but do no damage.
You squeeze the centaur, but do no damage.
The centaur closely misses you. The centaur barely misses you. x2
The centaur kicks you. 😕 HP[-2]
You take 2 damage, and now have 29/31 hp.
You hit the centaur. The centaur completely misses you. The centaur kicks you.
The centaur barely misses you. The centaur kicks you. 😕 HP[-4]
You take 4 damage, and now have 25/31 hp.
You hit the centaur.
The centaur hits you but does no damage.
The centaur kicks you. The centaur barely misses you.
The centaur closely misses you.
You barely miss the centaur. The centaur closely misses you.
The centaur kicks you but does no damage.
The centaur hits you.
The centaur completely misses you. 😮 HP[-5]
You take 5 damage, and now have 20/31 hp.
You are too injured to fight recklessly!
You are too injured to fight recklessly!
You are too injured to fight recklessly!
You are too injured to fight recklessly!
You are too injured to fight recklessly!
You are too injured to fight recklessly!
A centaur is nearby!
You barely miss the centaur. The centaur hits you.
The centaur completely misses you. 😮 HP[-4]
You take 4 damage, and now have 16/31 hp.
You barely miss the centaur. The centaur misses you. The centaur kicks you.
* * * LOW HITPOINT WARNING * * *
The centaur misses you. x2 😨 HP[-2]
You take 2 damage, and now have 14/31 hp.
You hit the centaur. Your squeeze misses the centaur. The centaur misses you.
The centaur kicks you.
* * * LOW HITPOINT WARNING * * *
The centaur misses you. x2 😨 HP[-3]
You take 3 damage, and now have 11/31 hp.
You aren't carrying any potions.
You hit the centaur but do no damage. The centaur closely misses you.
The centaur kicks you.
* * * LOW HITPOINT WARNING * * *
The centaur hits you.
* * * LOW HITPOINT WARNING * * *
The centaur barely misses you. 😱 HP[-6]
You take 6 damage, and now have 5/31 hp.
Okay, then.
You hit the centaur but do no damage.
You squeeze the centaur, but do no damage.
The centaur hits you.
You die...

Skill      XL: |  1  2  3 |
---------------+----------+-----
Stealth        | 7 8 |  8.7
Fighting       | |  3.0
Long Blades    | |  2.0
Dodging        | |  2.0

Action                   |  1- 3 |  4- 6 || total
-------------------------+-------+-------++-------
Melee: Falchion          |     6 |    14 ||    20
       Tentacles         |     2 |     3 ||     5
       Constrict         |     2 |     2 ||     4
  Use: Scroll            |     1 |       ||     1
       Potion            |       |     1 ||     1
 Stab: Sleeping          |     2 |     1 ||     3
Armor: Skin              |       |     3 ||     3
Dodge: Dodged            |     3 |    24 ||    27

Levels and vault maps discovered:
D:5:      layout_basic, minmay_diced_spiral
D:6:      layout_loops_ring, led_sif_book, minmay_temple_entry_poolview,
          corexii_hall_statues_x, lightli_corner_chamber

Notes
Turn   | Place    | Note
-------+----------+-------------------------------------------
     0 | D:5      | spaghetti the Octopode Delver began the quest for the Orb.
     0 | D:5      | Reached XP level 1. HP: 16/16 MP: 1/1
     0 | D:5      | magus.rc [v1.9.6]
     2 | D:6      | Noticed an iguana
     7 | D:6      | Killed an iguana
     8 | D:6      | Reached skill level 7 in Stealth
     8 | D:6      | Reached XP level 2. HP: 21/21 MP: 2/2
     8 | D:6      | Reached XP level 3. HP: 26/26 MP: 3/3
   136 | D:6      | Reached skill level 8 in Stealth
   142 | D:6      | Reached XP level 4. HP: 23/31 MP: 4/4
   475 | D:6      | Found a shimmering blue altar of Sif Muna.
   493 | D:6      | HP: 6/31 [orc wizard/+0 dagger (2)]
   502 | D:6      | HP: 1/31 [something/puff of flame (4)]
  1111 | D:6      | Noticed a centaur
  1122 | D:6      | HP: 5/31 [centaur (3)]
  1123 | D:6      | Slain by a centaur

Vanquished Creatures
  A jelly (D:6)
  An iguana (D:6)
  2 adders (D:6)
4 creatures vanquished.

Vanquished Creatures (others)
  An orc wizard (D:6)
1 creature vanquished.

Grand Total: 5 creatures vanquished

Table legend:
 A = Non-vault XP
 B = Vault XP
 C = Vault XP percentage of total XP
 D = Non-vault monster count
 E = Vault monster count
 F = Vault count percentage of total count
                 A         B        C        D         E       F
            +---------+---------+-------+---------+---------+-------
      Total |     101 |       0 |   0.0 |       4 |       0 |   0.0
            +---------+---------+-------+---------+---------+-------
        D:6 |     101 |       0 |   0.0 |       4 |       0 |   0.0
            +---------+---------+-------+---------+---------+-------

Illustrated notes

Table legend:
 A = Kills in this place as a percentage of kills in entire the game.
 B = Kills by you in this place as a percentage of kills by you in the entire game.
 C = Kills by friends in this place as a percentage of kills by friends in the entire game.
 D = Other kills in this place as a percentage of other kills in the entire game.
 E = Experience gained in this place as a percentage of experience gained in the entire game.
 F = Experience gained in this place divided by the number of levels of this place that you have seen.
                   A       B       C       D       E      F
               +-------+-------+-------+-------+-------+----------------------
         Total | 100.0 | 100.0 |   N/A |   N/A | 100.0 |  50.5
       Dungeon | 100.0 | 100.0 |   N/A |   N/A | 100.0 |  50.5
               +-------+-------+-------+-------+-------+----------------------

Table legend: (Time is in decaauts)
 A = Elapsed time spent in this place.
 B = Non-inter-level travel time spent in this place.
 C = Inter-level travel time spent in this place.
 D = Time resting spent in this place.
 E = Time spent auto-exploring this place.
 F = Levels seen in this place.
 G = Mean time per level.
                   A        B        C        D        E       F      G
               +--------+--------+--------+--------+--------+-----+--------+
         Total |   1107 |   1107 |      0 |    921 |     98 |   2 |  553.5 |
       Dungeon |   1107 |   1107 |      0 |    921 |     98 |   2 |  553.5 |
               +--------+--------+--------+--------+--------+-----+--------+

Top non-repeatable levels by time:
     D:6: 1105 daAuts
     D:5: 2 daAuts
